 Dungeon Crawl Stone Soup version 0.25.0-9-g26727b657a (webtiles) character file.

Game seed: 14453644410513902456

1070 Dirian the Carver (level 8, -5/68 HPs)
             Began as a Minotaur Fighter on June 16, 2020.
             Killed by divine providence
             ... invoked by an orc priest
              (11 damage)
             ... on level 5 of the Dungeon.
             The game lasted 00:06:44 (4084 turns).

Dirian the Carver (Minotaur Fighter)                Turns: 4084, Time: 00:06:44

Health: -5/68      AC: 13    Str: 23    XL:     8   Next: 7%
Magic:  7/7        EV:  6    Int:  8    God:
Gold:   235        SH: 11    Dex: 10    Spells: 7/7 levels left

rFire    . . .     SeeInvis .   a - +0 long sword
rCold    . . .     Gourm    .   c - +1 kite shield
rNeg     . . .     Faith    .   j - +0 chain mail
rPois    .         Spirit   .   i - +2 hat {Int+3}
rElec    .         Reflect  .   (no cloak)
rCorr    .         Harm     .   u - +0 pair of gloves
MR       .....                  (no boots)
Stlth    ..........             (no amulet)
HPRegen  0.21/turn              (no ring)
MPRegen  0.10/turn              w - ring of wizardry

@: no status effects
A: retaliatory headbutt, horns 2
a: no special abilities


You were on level 5 of the Dungeon.
You were not hungry.

You visited 1 branch of the dungeon, and saw 5 of its levels.

You collected 235 gold pieces.

Inventory:

Hand Weapons
 a - a +0 long sword (weapon)
Armour
 c - a +1 kite shield (worn)
 i - a +2 hat of intelligence (worn)
 j - a +0 chain mail (worn)
 u - a +0 pair of gloves (worn)
Jewellery
 d - a +6 ring of intelligence {unknown}
 l - an uncursed ring of ice
 w - a ring of wizardry (right hand)
Scrolls
 f - a scroll of teleportation {unknown}
 k - 2 scrolls of immolation
 n - a scroll of enchant armour
 r - 4 scrolls of identify
 x - 2 scrolls of remove curse
Potions
 g - 2 potions of magic
 h - a potion of haste
 p - 2 potions of invisibility
 q - 2 potions of curing
 s - a potion of lignification
 v - a potion of berserk rage
Comestibles
 b - 3 chunks of flesh
 e - 2 rations


   Skills:
 + Level 5.2 Fighting
 * Level 8.7 Long Blades
 + Level 5.6 Armour
 + Level 6.1 Shields


You had 7 spell levels left.
You didn't know any spells.
Your spell library contained the following spells:

 Spells                   Type           Power        Failure   Level  Hunger
 Animate Skeleton         Necr           N/A          98%         1    ##.....
 Pain                     Necr           #...         98%         1    ##.....
 Summon Small Mammal      Summ           #...         98%         1    ##.....
 Call Imp                 Summ           #.......     99%         2    ###....
 Call Canine Familiar     Summ           #.......     100%        3    ####...
 Summon Guardian Golem    Hex/Summ       #.......     100%        3    ####...
 Vampiric Draining        Necr           #.........   100%        3    ####...
 Animate Dead             Necr           N/A          100%        4    #####..
 Summon Ice Beast         Ice/Summ       #.......     100%        4    #####..
 Summon Lightning Spire   Summ/Air       #.......     100%        4    #####..
 Agony                    Necr           #.......     100%        5    ######.


Dungeon Overview and Level Annotations

Branches:
Dungeon (5/15)
 Temple: D:4-7

Altars:
Cheibriados
Gozag
Qazlal


Innate Abilities, Weirdness & Mutations

You reflexively headbutt those who attack you in melee.
You have a pair of horns on your head.


Message History

You headbutt the orc priest, but do no damage.
An orc priest comes into view.
The orc hits you but does no damage.
The orc priest shouts!
You hit the orc priest.
The orc priest is moderately wounded.
The orc priest invokes the aid of Beogh against you.
Pain shoots through your body!
* * * LOW HITPOINT WARNING * * *
The orc priest looks braver for a moment.
You block the orc's attack.
Your shield and chain mail prevent you from hitting the orc priest.
You headbutt the orc priest.
The orc priest is severely wounded.
The orc hits you but does no damage.
You hit the orc priest.
The orc priest is almost dead.
The orc priest mumbles some strange prayers to Beogh against you.
Beogh smites you!
You die...

...###.........#.♣ ♣≈
........)..#..[.♣♣≈≈≈
##.###<.÷.#...≈≈≈≈≈≈
#.o#.##..♣PP≈≈PP
##)#####.P≈PPP≈≈
#.)###..........
##..o.....♣≈≈≈≈≈≈
#...)....♣≈≈≈≈≈≈≈
#..o@.#..≈P≈≈≈≈≈≈
##....##.≈≈≈≈≈≈≈♣
#.......≈≈≈≈≈≈≈♣
.........≈≈PP≈≈≈♣
..##)......♣≈≈♣P♣
.... .........≈ ...
#...##..#. ..
#...##..#


You could see 2 orc priests and an orc.

Vanquished Creatures
  A hungry ghost (D:4)
  An ogre (D:3)
  An ice beast (D:5)
  A phantom (D:4)
  A scorpion (D:4)
  A centaur zombie (D:5)
  A hound (D:4)
  An orc priest (D:5)
  2 orc wizards (D:5)
  Jessica (D:3)
  A gnoll shaman (D:4)
  Ijyb (D:4)
  Natasha (thrice) (D:2)
  An iguana (D:5)
  2 worker ants (D:4)
  Robin (D:3)
  8 gnolls
  4 adders
  2 oozes
  An adder skeleton (D:4)
  A worm (D:2)
  4 dart slugs
  A leopard gecko (D:4)
  11 orcs
  9 bats
  4 giant cockroaches
  18 goblins
  8 hobgoblins
  8 jackals (D:1)
  3 kobolds (D:1)
  A quokka (D:4)
  A ball python (D:3)
  8 frilled lizards
  7 rats
119 creatures vanquished.

Notes
Turn   | Place    | Note
-------+----------+-------------------------------------------
     0 | D:1      | Dirian the Minotaur Fighter began the quest for the Orb.
     0 | D:1      | Reached XP level 1. HP: 19/19 MP: 0/0
   229 | D:1      | Reached XP level 2. HP: 26/27 MP: 1/1
   359 | D:1      | Reached skill level 3 in Long Blades
   359 | D:1      | Reached XP level 3. HP: 26/33 MP: 2/2
   980 | D:2      | Found an opulent altar of Gozag.
  1092 | D:2      | Noticed Natasha
  1098 | D:2      | Killed Natasha
  1098 | D:2      | Reached XP level 4. HP: 33/40 MP: 3/3
  1180 | D:2      | Found a snail-covered altar of Cheibriados.
  1270 | D:2      | Noticed Natasha
  1278 | D:2      | Killed Natasha
  1278 | D:2      | Reached skill level 4 in Long Blades
  1410 | D:2      | Noticed Natasha
  1414 | D:2      | Killed Natasha
  1622 | D:3      | Noticed Jessica
  1626 | D:3      | Reached XP level 5. HP: 46/46 MP: 4/4
  1639 | D:3      | Killed Jessica
  1643 | D:3      | Reached skill level 5 in Long Blades
  1667 | D:3      | Noticed Robin
  1673 | D:3      | Killed Robin
  1707 | D:3      | Noticed a water elemental
  1720 | D:3      | Found a stormy altar of Qazlal.
  2325 | D:3      | Noticed an air elemental
  2325 | D:3      | Noticed a fire elemental
  2499 | D:4      | Noticed a hungry ghost
  2522 | D:4      | Killed a hungry ghost
  2522 | D:4      | Reached skill level 6 in Long Blades
  2522 | D:4      | Reached skill level 5 in Shields
  2522 | D:4      | Reached XP level 6. HP: 50/53 MP: 5/5
  2605 | D:4      | Noticed Ijyb
  2620 | D:4      | Killed Ijyb
  2947 | D:4      | Reached XP level 7. HP: 60/60 MP: 6/6
  2983 | D:3      | Reached skill level 7 in Long Blades
  2995 | D:4      | Reached skill level 5 in Armour
  3266 | D:4      | Reached skill level 5 in Fighting
  3560 | D:4      | Reached skill level 8 in Long Blades
  3984 | D:5      | Entered Level 5 of the Dungeon
  4068 | D:5      | Reached XP level 8. HP: 44/68 MP: 7/7
  4084 | D:5      | Killed from afar by an orc priest

Illustrated notes

Levels and vault maps discovered:
D:1:      dpeg_arrival_concentric_ovals, layout_loops_ring
D:2:      layout_loops_cross, old_standard_altar, cheibriados_altar_1,
          uniq_natasha
D:3:      layout_loops_ring, nicolae_qazlal_style_of_elements,
          grunt_ministairs_7, uniq_robin, uniq_jessica
D:4:      layout_cave_pods, uniq_ijyb
D:5:      layout_cave_pools, minmay_temple_entry_stoned_glass, serial_bayou,
          serial_bayou_pond_a, serial_bayou_ford_a, serial_bayou_pond_d,
          serial_bayou_lagoon_b, first_ration, supply_closet_lemuel

Skill      XL: |  1  2  3  4  5  6  7 |
---------------+----------------------+-----
Shields        | 4 5 6 |  6.1
Armour         | 4 5 |  5.6
Fighting       | 4 5 |  5.2
Long Blades    | 3 4 6 8 |  8.7

Action                   |  1- 3 |  4- 6 |  7- 9 || total
-------------------------+-------+-------+-------++-------
Melee: Long sword        |    83 |   175 |   100 ||   358
       Headbutt          |    10 |    33 |    20 ||    63
  Use: Scroll            |       |    14 |       ||    14
       Potion            |       |       |     1 ||     1
  Eat: Chunk             |     1 |     6 |     4 ||    11
       Ration            |       |     1 |       ||     1
Armor: Scale mail        |    53 |    64 |    25 ||   142
       Chain mail        |       |       |    20 ||    20
Dodge: Dodged            |    20 |    32 |    36 ||    88
Block: Kite shield       |    44 |    83 |    63 ||   190
       Rpst.: Long sword |     3 |     5 |     9 ||    17
